 Dungeon Crawl Stone Soup version 0.31-a0-523-g071a6c1ffa (webtiles) character file.

Game seed: 8685407713402059145

970 CraigForest the Poker (level 8, -10/61 HPs)
             Began as a Formicid Fighter on Aug 11, 2023.
             Was an Initiate of Okawaru.
             Mangled by a vampire (11 damage)
             ... on level 5 of the Dungeon.
             The game lasted 00:12:27 (4346 turns).

CraigForest the Poker (Formicid Fighter)            Turns: 4346, Time: 00:12:27

Health: -10/61     AC: 11    Str: 30    XL:     8   Next: 38%
Magic:  8/8        EV: 10    Int:  7    God:    Okawaru [......]
Gold:   169        SH:  5    Dex: 13    Spells: 7/7 levels left

rFire   . . .        k - +0 halberd
rCold   . . .        c - +0 buckler
rNeg    . . .        b - +0 scale mail
rPois   .            (helmet unavailable)
rElec   .            (no cloak)
rCorr   .            h - +0 pair of gloves
SInv    +            j - +1 pair of boots
Will    +....        (no amulet) Stlth
                     q - +6 ring of strength
HPRegen 0.30/turn    t - ring of willpower
MPRegen 0.11/turn

%: no passive effects
@: no status effects
A: permanent stasis, dig shafts and tunnels, antennae 3, four strong arms
a: Dig, Shaft Self, Renounce Religion


You were on level 5 of the Dungeon.
You worshipped Okawaru.
Okawaru was noncommittal.
You visited 2 branches of the dungeon, and saw 6 of its levels.

You collected 169 gold pieces.

Inventory:

Hand Weapons
 a - a +0 trident
 k - a +0 halberd (weapon)
Missiles
 e - 10 boomerangs (quivered)
Armour
 b - a +0 scale mail (worn)
 c - a +0 buckler (worn)
 h - a +0 pair of gloves (worn)
 j - a +1 pair of boots (worn)
Magical Staves
 p - a staff of poison
Jewellery
 q - a +6 ring of strength (left hand)
 t - a ring of willpower (right hand)
Wands
 s - a wand of flame (15)
Scrolls
 f - a scroll of identify {unknown}
 g - a scroll of torment {unknown}
 i - a scroll of summoning {unknown}
 m - a scroll of noise {unknown}
 n - a scroll of immolation {unknown}
 o - a scroll of blinking {unknown}
 u - a scroll of enchant armour
 v - a scroll of enchant weapon {unknown}
 w - 2 scrolls of teleportation {unknown}
Potions
 d - a potion of might
 l - a potion of magic {unknown}
 r - 2 potions of ambrosia {unknown}
 x - a potion of cancellation {unknown}


   Skills:
 + Level 4.8 Fighting
 + Level 6.5 Polearms
 + Level 0.2 Throwing
 + Level 6.4 Armour
 + Level 5.5 Shields


You had 7 spell levels left.
You didn't know any spells.
Your spell library contained the following spells:

 Spells                   Type           Power      Damage    Failure   Level
 Freeze                   Ice            0%         1d3       71%         1
 Frozen Ramparts          Ice            0%         1d1       97%         3
 Hailstorm                Conj/Ice       0%         3d3       97%         3


Dungeon Overview and Level Annotations

Branches:
Dungeon (5/15)             Temple (1/1) D:4

Altars:
Ashenzari
Dithmenos
Elyvilon
Fedhas
Kikubaaqudgha
Makhleb
Okawaru
Qazlal
Ru
Sif Muna
Trog
Uskayaw
Vehumet
Wu Jian
Xom
Yredelemnul
Zin
The Shining One


Innate Abilities, Weirdness & Mutations

You cannot be hasted, slowed, berserked, paralysed or teleported.
You can dig through walls and to a lower floor.
You have a pair of large antennae on your head. (SInv)
Your four strong arms can wield two-handed weapons with a shield.


Message History

The vampire closely misses you.
The vampire bites you but does no damage.
The vampire hits you. The vampire barely misses you.
You hit the vampire but do no damage.
The vampire is heavily damaged.
The vampire closely misses you. The vampire barely misses you.
You hit the vampire but do no damage.
The vampire is heavily damaged.
The vampire draws life force from you!
The vampire is healed by the life force!
You closely miss the vampire.
The vampire is moderately damaged.
The vampire closely misses you. You block the vampire's attack.
You barely miss the vampire.
The vampire is moderately damaged.
The vampire closely misses you. The vampire barely misses you.
You closely miss the vampire.
The vampire is moderately damaged.
The vampire barely misses you. The vampire bites you.
* * * LOW HITPOINT WARNING * * *
The vampire draws strength from your injuries!
You barely miss the vampire.
The vampire is moderately damaged.
You hear the brisk rusting of a very distant drain.
The vampire barely misses you. The vampire closely misses you.
You slash the vampire!
The vampire is heavily damaged.
You block the vampire's attack. The vampire closely misses you.
The vampire barely misses you. The vampire bites you.
* * * LOW HITPOINT WARNING * * *
The vampire draws strength from your injuries!
The vampire attacks as you move away! The vampire closely misses you. x2
The vampire attacks as you move away! The vampire barely misses you.
The vampire bites you!
* * * LOW HITPOINT WARNING * * *
The vampire draws strength from your injuries!
The vampire attacks as you move away! The vampire hits you.
* * * LOW HITPOINT WARNING * * *
The vampire bites you!
You die...

#.# #. #.# ##. #.#
#.. #.# #.. ###.####
.#.. #####......#
.... #.......##.#
#..#. ####
#.###.####.### #....
.....##.#V@.........
.....
..........#.########
#####. ..#.##.###..#
........# ##.#
.....#### #)# #.
##.# #)# #. #
#.######## #.
#......... #. ##
#..####### #.


You could see a vampire.

Vanquished Creatures
  Eustachio (D:4)
  2 ogres
  The ghost of javelincjr the Sneak, an amateur OpHW (D:4)
  A bullfrog (D:4)
  A scorpion (D:4)
  A gnoll sergeant (D:5)
  A howler monkey (D:4)
  2 hounds (D:4)
  Natasha (thrice) (D:3)
  9 gnolls
  7 adders
  2 ufetubi
  3 dart slugs
  7 orcs
  3 bats
  9 endoplasms
  3 giant cockroaches
  4 goblins
  2 hobgoblins (D:1)
  3 jackals (D:1)
  4 quokkas
  7 ball pythons
  A frilled lizard (D:2)
  6 kobolds
  4 rats
87 creatures vanquished.

Notes
Turn   | Place    | Note
-------+----------+-------------------------------------------
     0 | D:1      | CraigForest the Formicid Fighter began the quest for the
                  | Orb.
     0 | D:1      | Reached XP level 1. HP: 18/18 MP: 1/1
   235 | D:1      | Reached XP level 2. HP: 24/24 MP: 2/2
   722 | D:1      | Reached XP level 3. HP: 15/29 MP: 3/3
   974 | D:2      | Reached XP level 4. HP: 24/37 MP: 4/4
  1098 | D:2      | Found a hide-covered altar of Uskayaw.
  1729 | D:3      | Found a faded altar of an unknown god.
  1988 | D:3      | Noticed Natasha
  1995 | D:3      | Killed Natasha
  1996 | D:3      | Reached XP level 5. HP: 19/42 MP: 5/5
  2348 | D:3      | Noticed Natasha
  2362 | D:3      | Killed Natasha
  2572 | D:3      | Noticed Natasha
  2581 | D:3      | Killed Natasha
  2743 | D:4      | Reached XP level 6. HP: 39/48 MP: 6/6
  2951 | D:4      | Reached skill level 5 in Armour
  3294 | D:4      | Found a runed translucent door.
  3295 | D:4      | Noticed an ogre
  3302 | D:4      | Killed an ogre
  3303 | D:4      | Reached skill level 5 in Polearms
  3303 | D:4      | Reached skill level 5 in Shields
  3303 | D:4      | Reached XP level 7. HP: 44/54 MP: 7/7
  3309 | D:4      | Noticed javelincjr's ghost (amateur OpHW)
  3316 | D:4      | Killed javelincjr's ghost
  3398 | D:4      | Noticed Eustachio
  3413 | D:4      | Killed Eustachio
  3414 | D:4      | Reached XP level 8. HP: 44/61 MP: 8/8
  3473 | D:4      | Found a white marble altar of Elyvilon.
  3493 | D:4      | Became a worshipper of Elyvilon the Healer
  3558 | D:4      | Found a staircase to the Ecumenical Temple.
  3564 | Temple   | Entered the Ecumenical Temple
  3739 | Temple   | Fell from the grace of Elyvilon
  3739 | Temple   | Became a worshipper of Warmaster Okawaru
  3948 | D:5      | Entered Level 5 of the Dungeon
  4319 | D:5      | Noticed a vampire
  4346 | D:5      | HP: 1/61 [vampire (6)]
  4346 | D:5      | Mangled by a vampire

Illustrated notes

Levels and vault maps discovered:
D:1:      lightli_arrival_noodles, layout_basic, serial_bayou_pond_e,
          minivault_11, minmay_misc_feat_encased, supply_closet_lemuel,
          minmay_domino_2
D:2:      layout_loops_ring, basic_altar
D:3:      layout_basic, hellmonk_ecumenical_altar_heavens_door, uniq_natasha
D:4:      layout_basic, mainiacjoe_overflow_tiny_flanked,
          minmay_temple_entry_fiery, ebering_ghost_sewer_d,
          minmay_misc_feat_square, nicolae_concentric_dashed_squares_mild,
          uniq_eustachio
D:5:      layout_loops_ring, nicolae_uskayaw_murder_on_the_dancefloor,
          portal_sewer_entry_e
Temple:   minmay_temple_bridge_d

Skill      XL: |  1  2  3  4  5  6  7  8 |
---------------+-------------------------+-----
Armour         | 4 5 6 |  6.4
Polearms       | 3 4 5 6 |  6.5
Fighting       | 4 |  4.8
Shields        | 5 |  5.5
Throwing       | |  0.2

Action                     |  1- 3 |  4- 6 |  7- 9 || total
---------------------------+-------+-------+-------++-------
  Melee: Trident           |    87 |     3 |       ||    90
         Halberd           |       |   170 |   117 ||   287
  Throw: Boomerang         |       |     1 |       ||     1
    Use: Scroll            |       |       |     1 ||     1
 Armour: Scale mail        |    36 |    74 |    54 ||   164
  Dodge: Dodged            |    50 |    97 |    85 ||   232
  Block: Buckler           |    26 |    46 |    36 ||   108

Table legend: (Time is in decaauts)
 A = Elapsed time spent in this place.
 B = Non-inter-level travel time spent in this place.
 C = Inter-level travel time spent in this place.
 D = Time resting spent in this place.
 E = Time spent auto-exploring this place.
 F = Levels seen in this place.
 G = Mean time per level.
                   A        B        C        D        E       F      G
               +--------+--------+--------+--------+--------+-----+--------+
         Total |   4451 |   4200 |    251 |    100 |   3228 |   6 |  741.8 |
       Dungeon |   4204 |   4090 |    114 |      0 |   3228 |   5 |  840.8 |
        Temple |    246 |    109 |    137 |    100 |      0 |   1 |  246.0 |
               +--------+--------+--------+--------+--------+-----+--------+

Top non-repeatable levels by time:
     D:3: 1050 daAuts
     D:4: 1008 daAuts
     D:1: 875 daAuts
     D:2: 859 daAuts
     D:5: 410 daAuts
  Temple: 246 daAuts
